Map: [ESL] Cosmic Sapphire

Players

Harstem - Winner!

  • Race: Protoss Protoss
  • Spawn Location: 11:00

goblin

  • Race: Protoss Protoss
  • Spawn Location: 5:00

Event: DreamHack SC2 Masters 2022 Atlanta (Online)

VOD

Have the link to the VOD?

Description

Time

  • Played on: Oct. 2, 2022, 11:40 a.m.
  • Length: 18:43

All games in this series

Show
View Real Time Build Order
Export as new Build Order

Harstem Protoss - Winner!

Build Orders: Phoenix Opening, Carriers 

Get SALT Encoding   

  12  0:00  Probe  
  13  0:12  Probe  
  14  0:17  Pylon  
  14  0:24  Probe (Chrono Boost)  
  15  0:37  Probe (Chrono Boost), Gateway  
  16  0:44  Probe (Chrono Boost)  
  16  0:47  Assimilator  
  17  0:51  Probe  
  17  0:54  Assimilator  
  18  1:03  Probe (Chrono Boost)  
  19  1:07  Gateway  
  19  1:12  Probe (Chrono Boost)  
  19  1:17  Probe (Chrono Boost)  
  20  1:24  Cybernetics Core  
  21  1:29  Probe  
  22  1:34  Pylon  
  22  1:41  Probe  
  23  1:53  Probe  
  24  1:59  Warp Gate (Chrono Boost)  
  24  2:00  Stalker  
  28  2:15  Nexus  
  26  2:21  Sentry  
  28  2:25  Pylon  
  28  2:28  Probe  
  29  2:35  Stalker  
  31  2:49  Robotics Facility  
  31  2:52  Shield Battery  
  31  2:55  Sentry  
  31  2:56  Phoenix  
  33  3:00  Probe  
  34  3:05  Stalker  
  34  3:12  Probe  
  36  3:17  Pylon  
  36  3:24  Probe  
  37  3:36  Probe (Chrono Boost)  
  37  3:38  Observer, Probe (Chrono Boost)  
  37  3:40  Stalker  
  42  3:43  Stalker  
  42  3:47  Probe (Chrono Boost)  
  45  3:48  Probe (Chrono Boost)  
  45  3:51  Probe (Chrono Boost)  
  47  4:02  Probe  
  48  4:03  Phoenix  
  48  4:04  Stalker  
  48  4:05  Probe  
  51  4:11  Twilight Council  
  51  4:14  Probe  
  52  4:18  Probe (Chrono Boost)  
  51  4:26  Probe (Chrono Boost)  
  53  4:33  Stalker, Pylon  
  53  4:35  Probe x2 (Chrono Boost)  
  56  4:40  Probe (Chrono Boost)  
  56  4:41  Probe  
  56  4:44  Stalker  
  60  4:47  Assimilator  
  60  4:49  Blink (Chrono Boost)  
  60  4:50  Pylon  
  60  4:52  Probe  
  61  4:53  Probe  
  61  4:56  Observer  
  62  5:04  Probe  
  62  5:05  Probe  
  64  5:15  Nexus  
  64  5:16  Probe  
  64  5:18  Probe  
  66  5:21  Phoenix  
  66  5:22  Pylon  
  66  5:23  Stalker  
  66  5:28  Gateway  
  68  5:29  Stalker  
  68  5:31  Probe  
  68  5:33  Probe  
  72  5:43  Probe  
  72  5:45  Gateway  
  72  5:49  Pylon  
  72  5:50  Stalker  
  72  5:52  Shield Battery  
  72  5:55  Probe  
  75  5:57  Forge  
  75  5:58  Probe  
  75  6:01  Sentry  
  78  6:10  Probe (Chrono Boost)  
  80  6:11  Probe (Chrono Boost)  
  80  6:15  Robotics Bay  
  80  6:17  Stalker  
  82  6:21  Probe (Chrono Boost)  
  82  6:23  Shield Battery, Phoenix, Probe (Chrono Boost)  
  82  6:24  Sentry  
  86  6:25  Probe (Chrono Boost)  
  86  6:27  Immortal (Chrono Boost)  
  86  6:31  Probe  
  86  6:32  Probe  
  93  6:37  Probe  
  93  6:38  Phoenix  
  93  6:39  Protoss Ground Weapons Level 1 (Chrono Boost)  
  94  6:42  Pylon  
  94  6:43  Probe, Stalker  
  94  6:44  Probe  
  98  6:48  Assimilator  
  98  6:49  Probe  
  98  6:54  Pylon  
  99  6:55  Probe  
  99  6:56  Probe  
  99  6:59  Photon Cannon  
  99  7:00  Charge  
  99  7:01  Probe  
  102  7:04  Assimilator  
  102  7:07  Disruptor (Chrono Boost)  
  105  7:17  Probe  
  105  7:21  Phoenix, Stalker x2  
  110  7:23  Probe  
  110  7:25  Nexus  
  110  7:27  Probe  
  112  7:30  Stalker x2  
  112  7:36  Probe  
  116  7:37  Disruptor (Chrono Boost)  
  116  7:41  Pylon  
  119  7:47  Stalker x2  
  119  7:49  Probe  
  119  7:50  Shield Battery  
  124  7:53  Probe  
  125  7:58  Pylon  
  125  7:59  Probe, Pylon  
  125  8:02  Pylon  
  126  8:05  Disruptor  
  126  8:07  Photon Cannon  
  126  8:08  Pylon  
  126  8:09  Probe  
  128  8:13  Stalker x2  
  128  8:16  Photon Cannon  
  128  8:17  Probe, Pylon  
  128  8:18  Probe  
  134  8:20  Phoenix  
  134  8:31  Stalker x2  
  138  8:37  Protoss Ground Weapons Level 2 (Chrono Boost)  
  137  8:41  Disruptor  
  137  8:43  Assimilator  
  137  8:44  Gateway  
  137  8:48  Gateway  
  139  9:01  Stalker x4  
  139  9:07  Probe  
  140  9:11  Photon Cannon  
  140  9:12  Probe  
  140  9:14  Photon Cannon  
  140  9:15  Gateway  
  140  9:16  Pylon  
  141  9:17  Disruptor (Chrono Boost)  
  141  9:18  Gateway  
  141  9:19  Pylon  
  141  9:23  Pylon  
  144  9:26  Probe  
  144  9:28  Stalker x4  
  144  9:30  Dark Shrine  
  152  9:39  Zealot  
  152  9:43  Zealot  
  152  9:44  Disruptor (Chrono Boost)  
  152  9:45  Probe  
  157  9:48  Probe  
  157  9:49  Assimilator  
  157  9:55  Zealot x4  
  157  9:59  Pylon  
  159  10:09  Nexus  
  155  10:14  Zealot x4  
  155  10:20  Zealot x4  
  169  10:22  Observer (Chrono Boost)  
  169  10:27  Stargate  
  170  10:32  Pylon  
  170  10:34  Disruptor (Chrono Boost), Protoss Air Weapons Level 1 (Chrono Boost)  
  166  10:38  Zealot x4  
  171  10:54  Shadow Stride (Chrono Boost)  
  171  10:55  Dark Templar x4  
  173  11:00  Disruptor  
  164  11:09  Stalker x4  
  172  11:13  Probe (Chrono Boost)  
  172  11:15  Photon Cannon  
  172  11:16  Probe (Chrono Boost)  
  172  11:18  Photon Cannon  
  175  11:20  Protoss Ground Weapons Level 3 (Chrono Boost), Assimilator  
  175  11:21  Probe x2 (Chrono Boost), Assimilator  
  176  11:26  Gateway  
  176  11:27  Probe x2 (Chrono Boost)  
  176  11:28  Probe (Chrono Boost)  
  176  11:30  Zealot x4  
  176  11:31  Probe x2 (Chrono Boost)  
  186  11:35  Probe  
  185  11:42  Disruptor (Chrono Boost)  
  182  11:49  Probe x2  
  182  11:51  Fleet Beacon  
  182  11:52  Stargate  
  182  11:53  Shield Battery, Dark Templar  
  184  11:55  Zealot x4, Photon Cannon  
  184  11:57  Pylon  
  192  12:10  Zealot x3  
  196  12:20  Probe  
  195  12:29  Dark Templar x2  
  193  12:41  Dark Templar x3  
  193  12:42  Dark Templar x2  
  185  12:57  Observer (Chrono Boost)  
  185  12:58  Gravitic Boosters (Chrono Boost)  
  179  13:02  Carrier x2  
  187  13:31  Dark Templar x3  
  187  13:32  Dark Templar x2  
  198  13:34  Observer  
  198  13:37  Stargate  
  198  13:42  Assimilator  
  198  13:50  Photon Cannon  
  198  13:52  Photon Cannon  
  186  13:55  Observer  
  186  13:59  Robotics Facility  
  186  14:01  Zealot x2  
  186  14:02  Zealot x2  
  185  14:10  Stalker x5  
  185  14:13  Unknown  
  185  14:16  Disruptor  
  198  14:17  Nexus, Pylon  
  198  14:28  Pylon  
  196  14:35  Carrier  
  196  14:44  Photon Cannon  
  196  14:47  Photon Cannon  
  196  14:51  Zealot, Dark Templar  
  190  15:01  Dark Templar  
  190  15:05  Observer  
  190  15:06  Carrier  
  195  15:08  Protoss Shields Level 1  
  195  15:14  Zealot x2  
  196  15:26  Observer  
  187  15:35  Zealot, Dark Templar  
  184  15:36  Zealot x7  
  182  15:46  Carrier  
  170  15:53  Dark Templar  
  165  16:02  Disruptor (Chrono Boost)  
  159  16:04  Zealot x8  
  159  16:10  Carrier  
  159  16:11  Photon Cannon  
  181  16:12  Photon Cannon  
  181  16:14  Photon Cannon  
  181  16:16  Photon Cannon  
  180  16:22  Observer  
  169  16:26  Zealot x3  
  169  16:27  Zealot x6  
  169  16:30  Disruptor  
  186  16:40  Disruptor  
  186  16:44  Observer  
  178  16:50  Carrier  
  173  16:55  Zealot x7  
  178  17:02  Photon Cannon  
  178  17:03  Stalker x2  
  178  17:06  Disruptor  
  180  17:15  Disruptor, Carrier  
  186  17:27  Zealot x3  
  188  17:31  Dark Shrine  
  186  17:45  Disruptor, Zealot  
  188  17:51  Pylon  
  188  17:53  Probe  
  188  17:54  Observer  
  184  18:15  Observer  
  179  18:22  Zealot x3  
  179  18:23  Zealot x5  
Show
View Real Time Build Order
Export as new Build Order

goblin Protoss 

Build Orders: Oracle Opening 

Get SALT Encoding   

  12  0:00  Probe  
  13  0:12  Probe  
  14  0:18  Pylon  
  14  0:24  Probe (Chrono Boost)  
  15  0:36  Probe (Chrono Boost)  
  15  0:37  Gateway  
  16  0:45  Probe (Chrono Boost)  
  16  0:47  Assimilator  
  17  0:50  Probe  
  18  0:58  Assimilator  
  18  1:03  Probe (Chrono Boost)  
  19  1:10  Gateway  
  19  1:13  Probe (Chrono Boost)  
  19  1:17  Probe (Chrono Boost)  
  20  1:24  Cybernetics Core  
  21  1:29  Probe  
  22  1:41  Probe  
  22  1:44  Pylon  
  23  2:02  Warp Gate, Probe, Stalker x2  
  28  2:14  Stargate  
  28  2:22  Probe, Pylon  
  29  2:48  Nexus  
  29  2:55  Oracle (Chrono Boost)  
  32  3:02  Probe  
  33  3:10  Robotics Facility  
  33  3:15  Probe  
  33  3:18  Shield Battery  
  34  3:27  Probe  
  35  3:31  Pylon  
  35  3:33  Oracle (Chrono Boost)  
  35  3:40  Probe  
  39  3:54  Probe (Chrono Boost)  
  40  3:59  Probe (Chrono Boost)  
  41  4:04  Observer  
  41  4:08  Twilight Council  
  41  4:09  Probe x2 (Chrono Boost)  
  44  4:14  Probe (Chrono Boost)  
  44  4:16  Probe  
  46  4:26  Probe (Chrono Boost)  
  46  4:28  Immortal  
  52  4:32  Assimilator  
  52  4:33  Probe (Chrono Boost)  
  52  4:38  Probe (Chrono Boost)  
  53  4:43  Probe x2 (Chrono Boost)  
  53  4:44  Blink (Chrono Boost)  
  55  4:52  Zealot x2  
  59  4:54  Probe, Pylon  
  59  4:58  Probe  
  61  5:06  Probe  
  62  5:09  Pylon  
  62  5:13  Immortal  
  66  5:19  Probe x2  
  68  5:24  Stalker  
  68  5:27  Stalker  
  72  5:39  Nexus  
  72  5:44  Pylon  
  72  5:48  Stalker  
  74  5:55  Stalker  
  74  5:56  Probe x2  
  78  5:57  Pylon  
  78  6:08  Probe x2  
  80  6:14  Observer  
  80  6:15  Forge, Gateway  
  80  6:16  Gateway  
  81  6:20  Probe  
  81  6:25  Probe (Chrono Boost)  
  83  6:34  Gateway x2  
  83  6:37  Probe x2 (Chrono Boost)  
  85  6:45  Shield Battery, Probe (Chrono Boost)  
  85  6:46  Protoss Ground Weapons Level 1 (Chrono Boost)  
  87  6:48  Probe (Chrono Boost)  
  87  6:49  Charge  
  87  6:51  Probe (Chrono Boost)  
  87  6:54  Stalker, Assimilator  
  89  6:55  Sentry  
  89  6:56  Probe (Chrono Boost)  
  89  7:01  Probe x2 (Chrono Boost)  
  95  7:04  Probe (Chrono Boost)  
  95  7:08  Pylon  
  96  7:17  Stalker x3  
  96  7:18  Stalker  
  104  7:26  Nexus  
  104  7:28  Pylon  
  104  7:29  Probe  
  104  7:31  Stalker  
  104  7:32  Stalker  
  108  7:39  Probe x2  
  108  7:41  Stalker  
  108  7:42  Stalker, Pylon  
  114  7:45  Stalker  
  114  7:47  Stalker  
  118  8:01  Pylon  
  118  8:06  Stalker x4  
  118  8:08  Pylon  
  118  8:09  Probe x2  
  128  8:18  Gateway  
  128  8:19  Probe, Gateway  
  129  8:21  Probe  
  130  8:29  Stalker  
  130  8:30  Stalker x3  
  138  8:40  Probe x2  
  140  8:43  Protoss Ground Weapons Level 2 (Chrono Boost)  
  140  8:44  Stalker x2  
  140  8:48  Probe x2  
  146  8:50  Photon Cannon  
  146  9:02  Probe x2  
  140  9:07  Stalker x6  
  144  9:13  Probe x2, Assimilator  
  144  9:14  Pylon  
  146  9:17  Stalker x2  
  146  9:20  Assimilator  
  146  9:22  Robotics Bay  
  150  9:24  Robotics Facility  
  150  9:26  Probe x3  
  153  9:32  Probe  
  153  9:35  Pylon  
  153  9:37  Photon Cannon  
  154  9:38  Pylon  
  154  9:47  Observer (Chrono Boost)  
  155  10:00  Observer (Chrono Boost), Photon Cannon  
  155  10:01  Photon Cannon  
  155  10:05  Shield Battery  
  155  10:06  Pylon  
  152  10:13  Stalker x6  
  152  10:14  Disruptor, Stalker x2  
  161  10:24  Shield Battery  
  161  10:27  Nexus  
  155  10:29  Pylon  
  149  10:40  Zealot x8  
  149  10:41  Disruptor (Chrono Boost)  
  168  10:48  Protoss Ground Weapons Level 3 (Chrono Boost)  
  168  10:50  Disruptor (Chrono Boost)  
  153  11:05  Zealot x8  
  165  11:14  Disruptor (Chrono Boost)  
  165  11:17  Photon Cannon  
  168  11:18  Shield Battery  
  168  11:20  Disruptor (Chrono Boost), Pylon  
  171  11:27  Zealot x3  
  171  11:30  Probe  
  175  11:42  Disruptor (Chrono Boost)  
  175  11:45  Zealot x5  
  186  11:49  Gravitic Boosters  
  186  11:51  Photon Cannon  
  189  12:02  Disruptor (Chrono Boost)  
  189  12:09  Disruptor (Chrono Boost)  
  189  12:12  Zealot x4  
  189  12:14  Unknown  
  200  12:18  Gateway  
  200  12:21  Gateway  
  200  12:22  Gateway  
  194  12:24  Zealot x4  
  194  12:25  Gateway  
  194  12:26  Dark Shrine  
  198  12:42  Disruptor  
  168  13:00  Zealot x8  
  168  13:03  Stargate  
  182  13:07  Stargate  
  182  13:19  Protoss Air Weapons Level 1  
  179  13:28  Nexus  
  175  13:35  Zealot  
  175  13:36  Zealot x11  
  175  13:41  Protoss Shields Level 1 (Chrono Boost)  
  199  13:45  Photon Cannon  
  199  13:47  Photon Cannon  
  199  13:50  Photon Cannon  
  159  14:04  Fleet Beacon  
  141  14:22  Dark Templar x4  
  141  14:23  Zealot x4, Dark Templar, Stalker  
  141  14:24  Stalker x2  
  161  14:43  Nexus  
  159  14:57  Tempest x2 (Chrono Boost)  
  145  15:14  Disruptor x2  
  144  15:21  Zealot x9  
  152  15:22  Zealot x3  
  170  15:36  Tempest x2 (Chrono Boost)  
  153  15:57  Stalker x2  
  153  15:59  Pylon  
  153  16:02  Pylon  
  152  16:05  Pylon  
  146  16:26  Stalker  
  146  16:27  Stalker x4  
  144  16:41  Zealot x3  
  106  16:56  Stalker x4  
  109  17:06  Tempest x2 (Chrono Boost)  
  109  17:10  Pylon  
  109  17:12  Pylon  
  109  17:15  Pylon  
  118  17:31  Stalker x5  
  127  17:51  Zealot x4  
  133  18:05  Zealot  
  133  18:06  Zealot  
Tags
 
Add a new tag
Caveats
  • Supply blocks, unpowered buildings, or Contaminate may cause inaccurate times.
  • Supply counts are checked every 10 seconds.